 Seeded DCSS version 0.29.1-12-g30fa7ad0bf (webtiles) character file.

Game seed: 8801078753918749808 (custom seed)

38071 purpskrrrp the Unseen (level 14, -34/74 HPs)
             Began as a Vine Stalker Brigand on Jan 13, 2023.
             Was an Initiate of Gozag.
             Annihilated by a titanic slime creature (48 damage)
             ... on level 15 of the Dungeon.
             The game lasted 00:51:25 (14048 turns).

purpskrrrp the Unseen (Vine Stalker Brigand)       Turns: 14048, Time: 00:51:26

Health: -34/74     AC: 15    Str: 20    XL:     14   Next: 0%
Magic:  0/15       EV: 17    Int: 11    God:    Gozag
Gold:   1699       SH:  0    Dex: 25    Spells: 13/13 levels left

rFire   + . .      SeeInvis .   y - +10 rapier "Vuexoed" {elec, *Rage rPois Str+4 Dex+2}
rCold   . . .      Faith    .   (no shield)
rNeg    + . .      Spirit   +   P - quicksilver dragon scales of Pifyik {rPois rC+ Will+}
rPois   +          Reflect  .   (no helmet)
rElec   +          Harm     .   u - scarf {repulsion}
rCorr   .          Rampage  .   C - +1 Delatra's gloves {ID++}
Will    ++...      Rage     20% i - +2 pair of boots
Stlth   +++++++...              w - amulet of the acrobat
HPRegen 1.02/turn               p - ring of flight
MPRegen 0.14/turn               Z - ring of Houmer {rElec rC- rN+ Dex+4}

@: gold aura, on berserk cooldown, flying, hasted and slowed, repel missiles
A: fangs 3, regeneration 1, magic shield, antimagic bite, no potion heal 2, fire
resistance 1
a: Renounce Religion, Potion Petition, Call Merchant, Bribe Branch


You were on level 15 of the Dungeon.
You worshipped Gozag.
Gozag was most pleased with you.
You visited 2 branches of the dungeon, and saw 16 of its levels.
You also visited: Sewer and Bailey.

You collected 2687 gold pieces.
You spent 230 gold pieces at shops.
You paid 758 gold pieces to Gozag.

Inventory:

Hand Weapons
 x - the +2 scimitar of Light {drain, rElec rC++ Dex+3 Stlth+}
   (You found it on level 3 of the Dungeon)

   A truly terrible weapon, it drains the life of any living foe it strikes.
   Dex:       It affects your dexterity (+3).
   rC:        It greatly protects you from cold.
   rElec:     It insulates you from electricity.
   Stlth:     It makes you more stealthy.
 y - the +10 rapier "Vuexoed" (weapon) {elec, *Rage rPois Str+4 Dex+2}
   (You found it on level 3 of the Dungeon)

   It occasionally discharges a powerful burst of electricity upon striking a
   foe.
   Str:       It affects your strength (+4).
   Dex:       It affects your dexterity (+2).
   rPois:     It protects you from poison.
   *Rage:     It berserks you when you make melee attacks (+20% chance).
Missiles
 d - 26 poisoned darts (quivered)
 e - 3 curare-tipped darts
 j - 3 atropa-tipped darts
Armour
 i - a +2 pair of boots (worn)
 u - a scarf of repulsion (worn)
 C - the +1 Delatra's gloves (worn) {ID++}
   (You found it on level 4 of the Dungeon)

   It heals its wearer when they drink unknown potions.
   It restores its wearer's MP when they read unknown scrolls.
 O - a +4 kite shield
 P - the quicksilver dragon scales of Pifyik (worn) {rPois rC+ Will+}
   (You found it in a bailey)

   rC:        It protects you from cold.
   rPois:     It protects you from poison.
   Will:      It increases your willpower.
Jewellery
 k - an amulet of regeneration
 p - a ring of flight (left hand)
 w - an amulet of the acrobat (around neck)
 D - a ring of protection from fire
 Z - the ring of Houmer (right hand) {rElec rC- rN+ Dex+4}
   (You found it on level 13 of the Dungeon)

   [ring of positive energy]

   Dex:       It affects your dexterity (+4).
   rC:        It makes you vulnerable to cold.
   rElec:     It insulates you from electricity.
   rN:        It protects you from negative energy.
Wands
 E - a wand of digging (9)
 G - a wand of polymorph (23)
 L - a wand of mindburst (12)
Scrolls
 b - a scroll of vulnerability {unknown}
 f - 10 scrolls of identify
 h - 2 scrolls of silence
 t - 7 scrolls of teleportation
 z - 2 scrolls of amnesia
 A - 3 scrolls of enchant weapon
 B - a scroll of poison
 J - 5 scrolls of magic mapping
 V - 3 scrolls of enchant armour
Potions
 a - a potion of berserk rage {unknown}
 c - 2 potions of mutation
 g - 9 potions of flight
 m - 3 potions of heal wounds
 n - 2 potions of magic {unknown}
 o - 3 potions of cancellation {unknown}
 q - 5 potions of invisibility
 r - a potion of haste
 s - a potion of resistance {unknown}
 v - 17 potions of curing
 F - a potion of experience {unknown}
 I - 4 potions of attraction {unknown}
 R - a potion of brilliance {unknown}
 X - 2 potions of ambrosia {unknown}


   Skills:
 + Level 8.9 Fighting
 * Level 11.5 Short Blades
 - Level 1.8 Throwing
 + Level 3.0 Armour
 + Level 7.9 Dodging
 * Level 17.2 Stealth
 + Level 8.0 Unarmed Combat


You had 13 spell levels left.
You didn't know any spells.
Your spell library contained the following spells:

 Spells                   Type           Power      Damage    Failure   Level
 Apportation              Tloc           0%         N/A       52%         1
 Freeze                   Ice            0%         1d3       52%         1
 Magic Dart               Conj           0%         1d3       52%         1
 Slow                     Hex            0%         N/A       52%         1
 Searing Ray              Conj           0%         2d4       65%         2
 Confusing Touch          Hex            0%         N/A       87%         3
 Frozen Ramparts          Ice            0%         1d1       87%         3
 Vampiric Draining        Necr           0%         2d6       87%         3
 Fulminant Prism          Conj/Hex       0%         3d6       99%         4
 Hailstorm                Conj/Ice       0%         3d3       99%         4
 Alistair's Intoxication  Tmut/Pois      0%         N/A       100%        5
 Borgnjor's Vile Clutch   Necr/Erth      0%         N/A       100%        5
 Summon Forest            Summ/Tloc      0%         N/A       100%        5
 Summon Mana Viper        Hex/Summ       0%         N/A       100%        5
 Eringya's Noxious Bog    Tmut/Pois      0%         N/A       100%        6
 Summon Cactus Giant      Summ           0%         N/A       100%        6
 Malign Gateway           Summ/Tloc      0%         N/A       100%        7
 Summon Horrible Things   Summ           0%         N/A       100%        8
 Chain Lightning          Conj/Air       0%         N/A       100%        9
 Fire Storm               Conj/Fire      0%         5d1       100%        9
 Shatter                  Erth           0%         3d5*      100%        9


Dungeon Overview and Level Annotations

Branches:
Dungeon (15/15)            Temple (1/1) D:6            Lair (0/5) D:8
    Orc (0/2) D:11         Vaults (0/5) D:14         Depths (0/4) D:15
  Sewer (visited)          Bailey (visited)

Altars:
Ashenzari
Cheibriados
Dithmenos
Elyvilon
Fedhas
Gozag
Hepliaklqana
Kikubaaqudgha
Makhleb
Nemelex Xobeh
Okawaru
Qazlal
Ru
Sif Muna
Trog
Uskayaw
Vehumet
Wu Jian
Xom
Yredelemnul
Zin
The Shining One

Shops:
D:8 !   D:10 [   D:13 (

Annotations:
D:12 2 runed translucent doors, BraveToast's ghost, journeyman FoFi


Innate Abilities, Weirdness & Mutations

You have razor-sharp teeth.
Your natural rate of healing is unusually fast.
When hurt, damage is shared between your health and your magic reserves.
Your bite disrupts and absorbs the magic of your enemies.
Potions cannot restore your health.
Your flesh is heat resistant. (rF+)


Message History

Two slime creatures merge to form a titanic slime creature.
You hit the slime creature. You bite the slime creature! You drain its power.
The slime creature is heavily wounded.
The slime creature closely misses you.
You hit the slime creature.
The slime creature is heavily wounded.
A red film seems to cover your vision as you go berserk!
You feel yourself moving faster!
You feel mighty!
You puncture the slime creature!
Lightning courses through the slime creature!!
You kill the slime creature!
You have reached level 14!
You are too berserk!
You feel a strong urge to attack something.
You feel your anger nearly subside.
You are no longer berserk.
You are exhausted.
You feel yourself slow down.
Aiming: Quicksilver Bolt
Press: ? - help, Shift-Dir - straight line, f - titanic slime creature
Aim: a titanic slime creature (lightly wounded, 94% to hit)
The bolt of dispelling energy hits the titanic slime creature!!
The titanic slime creature is moderately wounded.
The now-empty wand crumbles to dust.
The titanic slime creature attacks as you move away!
The titanic slime creature hits you!!!!
Ouch! That really hurt!
* * * LOW HITPOINT WARNING * * *
As you read the scroll of fear, it crumbles to dust.
You assume a fearsome visage.
The titanic slime creature resists with some effort.
The slime creature looks frightened!
The titanic slime creature closely misses you.
The titanic slime creature barely misses you.
A brown ugly thing comes into view.
The brown ugly thing moves out of view.
You feel yourself speed up. The titanic slime creature hits you!!!
Ouch! That really hurt!
You die...
Your body crumbles into a pile of gold.

..
#.......[..##.....##...#....#
..
#...J......##......#......#.#
..
#.....(.....#.....##..J#.....
..
#.................##...#J#.##
##
#......#.##.#.....##...#.#.#
#......#.##.############.#.#
####.####.##.# #....J..J.#.#
#....#.##....####.#########.##
#.#..#.####..@J...# #... #
#..(........##### ###[
##...###....# #. #.#))...^...
#. ###......... #.
............ #. ...##.........
## .$..( #.......... # ....
#########


You could see a titanic slime creature.

Vanquished Creatures
  Kirke (D:15)
  A fire giant (D:15)
  Erolcha (D:10)
  A boulder beetle (D:11)
  An ogre mage (D:15)
  4 two-headed ogres
  5 centaur warriors
  2 tengu warriors
  6 skeletal warriors
  2 wizards
  An orc knight (D:15)
  A deep elf pyromancer (D:14)
  An orc sorcerer (D:15)
  A wolf spider (D:11)
  A manticore (D:11)
  5 cyclopes
  2 gargoyles (D:13)
  An efreet (D:15)
  Maggie (D:6)
  A rime drake (shapeshifter) (D:11)
  2 freezing wraiths
  5 trolls
  Grinder (D:6)
  18 slime creatures
  2 spriggans (Bailey)
  A vampire (D:14)
  2 wraiths
  13 yaks
  5 humans (D:8)
  A wyvern (D:4)
  2 shadows
  2 steam dragons
  4 fire bats (D:10)
  Grum (D:10)
  7 vampire mosquitoes
  Menkaure (D:6)
  3 water moccasins
  An acid dragon (D:9)
  Duvessa (D:5)
  A hell hound (D:10)
  An ice beast (D:5)
  8 orc warriors
  An ice beast (shapeshifter) (D:15)
  3 black bears
  3 boggarts (D:13)
  2 wolves (D:10)
  4 ogres
  5 centaurs
  A phantom (D:5)
  Blork the orc (D:4)
  A gnoll sergeant (D:9)
  8 bullfrogs
  2 necrophages (D:5)
  13 wights
  Dowan (D:5)
  5 killer bees (D:9)
  4 howler monkeys
  2 lava snakes (D:10)
  A jelly (D:7)
  8 orc priests
  A hound (D:7)
  5 iguanas
  12 orc wizards
  3 gnolls (D:9)
  15 adders
  5 river rats
  2 shadow imps (D:7)
  2 white imps
  2 ufetubi
  6 worms
  5 dart slugs
  33 orcs
  8 endoplasms
  4 giant cockroaches
  17 goblins
  7 hobgoblins
  6 jackals
  6 quokkas
  9 ball pythons
  13 bats
  8 frilled lizards
  6 kobolds
  6 rats
  2 fire vortices (D:10)
369 creatures vanquished.

Vanquished Creatures (collateral kills)
  A cyclops (D:11)
  A slime creature (D:15)
  2 spriggans (Bailey)
  A vampire mosquito (D:15)
  3 ogres
  4 killer bees (D:9)
  2 worms (D:9)
  3 goblins (D:6)
17 creatures vanquished.

Vanquished Creatures (others)
  A two-headed ogre (D:15)
  A queen bee (D:9)
  A human (D:15)
  A steam dragon (Bailey)
  2 killer bees (D:9)
  A hound (D:5)
  A worm (D:9)
  2 goblins (D:6)
  A ball python (Sewer)
  A fire vortex (D:10)
12 creatures vanquished.

Grand Total: 398 creatures vanquished

Notes
Turn   | Place    | Note
-------+----------+-------------------------------------------
     0 | D:1      | purpskrrrp the Vine Stalker Brigand began the quest for the
                  | Orb.
     0 | D:1      | Reached XP level 1. HP: 11/11 MP: 2/2
   134 | D:1      | Reached skill level 1 in Dodging
   134 | D:1      | Reached XP level 2. HP: 9/15 MP: 1/3
   286 | D:1      | Reached skill level 5 in Stealth
   620 | D:1      | Reached XP level 3. HP: 18/18 MP: 4/4
  1838 | D:3      | Gained mutation: Your natural rate of healing is unusually
                  | fast. [Vine Stalker growth]
  1838 | D:3      | Reached XP level 4. HP: 15/23 MP: 3/5
  1862 | D:3      | Identified the +2 scimitar of Light {drain, rElec rC++
                  | Dex+3 Stlth+}
  2049 | D:3      | Identified the +10 rapier "Vuexoed" {elec, *Rage rPois
                  | Str+4 Dex+2}
  2096 | D:3      | Reached XP level 5. HP: 27/27 MP: 4/6
  2109 | D:3      | Found a glowing drain.
  2123 | D:3      | Reached skill level 6 in Stealth
  2130 | Sewer    | Entered a sewer
  2370 | Sewer    | Reached XP level 6. HP: 21/32 MP: 4/7
  3321 | D:4      | Found a sacrificial altar of Ru.
  3370 | D:4      | Noticed a wyvern
  3390 | D:4      | Killed a wyvern
  3391 | D:4      | Reached skill level 7 in Stealth
  3391 | D:4      | Reached XP level 7. HP: 10/36 MP: 2/8
  3518 | D:4      | Noticed Blork the orc
  3524 | D:4      | Killed Blork the orc
  3546 | D:4      | Found a white marble altar of Elyvilon.
  3806 | D:4      | Found a radiant altar of Vehumet.
  3875 | D:4      | Found a blossoming altar of Fedhas.
  3903 | D:4      | Found the +1 Delatra's gloves {ID++}
  4095 | D:5      | Entered Level 5 of the Dungeon
  4113 | D:5      | Reached skill level 8 in Stealth
  4217 | D:5      | Gained mutation: You have razor-sharp teeth. [Vine Stalker
                  | growth]
  4217 | D:5      | Reached XP level 8. HP: 42/42 MP: 9/9
  4311 | D:5      | Noticed Duvessa
  4311 | D:5      | Noticed Dowan
  4315 | D:5      | Killed Dowan
  4321 | D:5      | HP: 2/42 [Duvessa/+0 rapier of venom (6)]
  4329 | D:5      | Killed Duvessa
  4410 | D:5      | Reached skill level 9 in Stealth
  4793 | D:6      | Found a staircase to the Ecumenical Temple.
  4797 | D:6      | Noticed Maggie
  4801 | D:6      | Killed Maggie
  4802 | D:6      | Reached skill level 5 in Short Blades
  4802 | D:6      | Reached skill level 10 in Stealth
  4802 | D:6      | Reached skill level 1 in Unarmed Combat
  4802 | D:6      | Reached XP level 9. HP: 46/46 MP: 10/10
  4809 | D:6      | Reached skill level 5 in Fighting
  4823 | D:6      | Noticed Grinder
  4827 | Temple   | Entered the Ecumenical Temple
  4939 | Temple   | Became a worshipper of Gozag Ym Sagoz the Greedy
  4972 | D:6      | Killed Grinder
  5068 | D:6      | Noticed Menkaure
  5087 | D:6      | Killed Menkaure
  5195 | D:6      | Reached skill level 11 in Stealth
  5276 | D:6      | Found a stormy altar of Qazlal.
  5753 | D:6      | Found a hazy altar of Hepliaklqana.
  5904 | D:7      | Reached XP level 10. HP: 37/52 MP: 7/11
  6566 | D:7      | Found a sparkling altar of Nemelex Xobeh.
  6832 | D:8      | Reached skill level 5 in Dodging
  6965 | D:8      | Reached skill level 12 in Stealth
  7015 | D:8      | HP: 1/53 [human/+0 mace (8)]
  7314 | D:8      | Found Anuneixt's Distillery.
  7320 | D:8      | Bought a potion of mutation for 88 gold pieces
  7320 | D:8      | Gained mutation: You have large cloven feet. [potion of
                  | mutation]
  7579 | D:8      | Found a hide-covered altar of Uskayaw.
  7656 | D:8      | Lost mutation: You have large cloven feet. [potion of
                  | mutation]
  7656 | D:8      | Gained mutation: Your flesh is heat resistant. (rF+)
                  | [potion of mutation]
  7703 | D:8      | Found a staircase to the Lair.
  8035 | D:9      | Found an iron altar of Okawaru.
  8089 | D:9      | Found a flagged portal.
  8106 | Bailey   | Entered a bailey
  8187 | Bailey   | Reached XP level 11. HP: 56/58 MP: 6/12
  8266 | Bailey   | Reached skill level 13 in Stealth
  8322 | Bailey   | Noticed a two-headed ogre
  8341 | Bailey   | Killed a two-headed ogre
  8360 | Bailey   | Identified the quicksilver dragon scales of Pifyik {rPois
                  | rC+ Will+}
  9321 | D:10     | Entered Level 10 of the Dungeon
  9453 | D:10     | Noticed Erolcha
  9467 | D:10     | Killed Erolcha
  9468 | D:10     | Reached skill level 5 in Unarmed Combat
  9526 | D:10     | Noticed Grum
  9539 | D:10     | Killed Grum
  9701 | D:10     | Found a burning altar of Makhleb.
  9886 | D:10     | Reached skill level 14 in Stealth
  9920 | D:10     | Bought a runed cloak for 142 gold pieces
 10184 | D:11     | Noticed a centaur warrior
 10185 | D:11     | Noticed a manticore
 10188 | D:11     | Killed a manticore
 10190 | D:11     | Killed a centaur warrior
 10249 | D:11     | Noticed a wolf spider
 10250 | D:11     | Noticed a centaur warrior
 10251 | D:11     | Noticed a cyclops
 10257 | D:11     | Killed a wolf spider
 10258 | D:11     | Reached XP level 12. HP: 63/63 MP: 9/13
 10260 | D:11     | Killed a centaur warrior
 10294 | D:11     | Noticed a centaur warrior
 10294 | D:11     | Noticed a boulder beetle
 10305 | D:11     | Killed a centaur warrior
 10306 | D:11     | Killed a boulder beetle
 10538 | D:11     | Reached skill level 15 in Stealth
 10682 | D:11     | Found a staircase to the Orcish Mines.
 11181 | D:12     | Found a runed translucent door.
 11181 | D:12     | Found a runed translucent door.
 11216 | D:12     | Noticed a war gargoyle
 11217 | D:12     | Noticed a boulder beetle
 11218 | D:12     | Noticed a lich
 11218 | D:12     | Noticed a shadow dragon
 11219 | D:12     | Noticed BraveToast's ghost (journeyman FoFi)
 11487 | D:12     | Reached skill level 10 in Short Blades
 11930 | D:13     | Noticed a tengu warrior
 11937 | D:13     | Killed a tengu warrior
 12389 | D:13     | Found Haocas's Antique Weapon Boutique.
 12478 | D:13     | Noticed a centaur warrior
 12541 | D:13     | Identified the ring of Houmer {rElec rC- rN+ Dex+4}
 12750 | D:14     | Reached XP level 13. HP: 68/68 MP: 14/14
 12760 | D:14     | Reached skill level 16 in Stealth
 12766 | D:14     | Reached skill level 1 in Armour
 13139 | D:14     | Found a gate to the Vaults.
 13464 | D:15     | Entered Level 15 of the Dungeon
 13810 | D:15     | Reached skill level 17 in Stealth
 13859 | D:15     | Noticed a fire giant
 13914 | D:15     | Found a staircase to the Depths.
 13924 | D:15     | Noticed Kirke
 13925 | D:15     | Killed a fire giant
 13952 | D:15     | Killed Kirke
 14039 | D:15     | Reached XP level 14. HP: 74/74 MP: 15/15
 14048 | D:15     | Annihilated by a titanic slime creature

Illustrated notes

Levels and vault maps discovered:
D:1:      scummos_arrival_forest, layout_basic
D:2:      layout_loops_cross
D:3:      layout_loops_ring, lightli_sewer_entry_pipes, minmay_checkerbox
D:4:      layout_loops_ring, nicolae_vehumet_altar_sigil, kennysheep_mini,
          nicolae_elyvilon_peaceful_grove, nicolae_ru_awakened_eye,
          chequers_serial_rivers_large_b, uniq_blork_the_orc
D:5:      layout_loops_ring, uniq_duvessa
D:6:      layout_loops_ring, nicolae_hepliaklqana_hippocampus,
          grunt_qazlal_sundering, minmay_temple_entry_arrows,
          minmay_ogre_servants, uniq_menkaure, uniq_maggie, uniq_grinder
D:7:      layout_layer_cave, mainiacjoe_overflow_brackets
D:8:      layout_gridville, mainiacjoe_overflow_alcove_2, lair_entry_dummy,
          serial_shops, kennysheep_little_box, minmay_ruffians
D:9:      layout_loops_ring, kennysheep_okawaru_gauntlet, enter_bailey_4,
          kennysheep_nondescript, hive_lemuel
D:10:     layout_stronghold, lemuel_doored_altar, hangedman_incinerator,
          uniq_erolcha, uniq_grum
D:11:     minmay_tri_box, layout_basic, david_orc_3
D:12:     layout_basic, muffindrake_ghost_dual_entry, lemuel_old_faithful
D:13:     layout_irregular_city, serial_column_ruins, column_ruins_hut_ruined,
          column_ruins_grid_1, column_ruins_columns_straight,
          column_ruins_corridor_straight, serial_shops, nicolae_shop_crystal
D:14:     layout_basic, david_vaults_1
D:15:     grunt_enter_depths_giant_problem, layout_basic,
          minmay_misc_feat_four_crosses, drop_trap, uniq_kirke
Temple:   nicolae_temple_godzebo

Skill      XL: |  1  2  3  4  5  6  7  8  9 10 11 12 13 |
---------------+----------------------------------------+-----
Dodging        | 1 2 3 4 5 6 7 |  7.9
Short Blades   | 2 3 5 6 7 9 10 11 | 11.5
Stealth        | 5 6 7 8 10 11 12 14 15 17 | 17.2
Fighting       | 2 3 4 5 6 7 8 |  8.9
Unarmed Combat | 1 3 4 5 7 8 |  8.0
Armour         | 3 |  3.0
Throwing       | |  1.8

Action                   |  1- 3 |  4- 6 |  7- 9 | 10-12 | 13-15 || total
-------------------------+-------+-------+-------+-------+-------++-------
Melee: Dagger            |    82 |    12 |       |       |       ||    94
       Bite              |    14 |    15 |    27 |   107 |    55 ||   218
       Punch             |     1 |       |     1 |    12 |     7 ||    21
       Scimitar          |       |    10 |       |       |       ||    10
       Rapier            |       |    96 |   128 |   343 |   136 ||   703
Throw: Dart              |       |     3 |     4 |    22 |     2 ||    31
       Throwing net      |       |       |       |     2 |       ||     2
Invok: Call Merchant     |       |       |       |     1 |       ||     1
Evoke: Wand              |       |       |       |     5 |     1 ||     6
  Use: Scroll            |     5 |     8 |     1 |     7 |     1 ||    22
       Potion            |       |       |     2 |     5 |     1 ||     8
 Stab: Sleeping          |    12 |    11 |    20 |    24 |    14 ||    81
       Distracted        |       |       |     1 |     5 |     1 ||     7
       Held in net/web   |       |       |       |     1 |       ||     1
Armor: Robe              |    23 |    45 |    26 |    12 |       ||   106
       Skin              |       |       |       |     3 |       ||     3
       Quicksilver drago |       |       |       |    58 |    17 ||    75
Dodge: Dodged            |    42 |   106 |    93 |   246 |    65 ||   552
       Repelled          |       |       |     1 |     3 |     1 ||     5
